 Dungeon Crawl Stone Soup version 0.31-a0-321-g19405a7a6a (webtiles) character file.

Game seed: 6463442202732809952

732 Shard1697 the Chiller (level 7, 0/50 HPs)
             Began as a Grey Draconian Ice Elementalist on July 18, 2023.
             Slain by an ogre
             ... wielding a +0 giant club
              (12 damage)
             ... on level 5 of the Dungeon.
             The game lasted 00:07:58 (3552 turns).

Shard1697 the Chiller (DrIE)                        Turns: 3552, Time: 00:07:58

Health: 0/50       AC: 17    Str: 11    XL:     7   Next: 45%
Magic:  9/13       EV: 12    Int: 17    God:
Gold:   94         SH:  0    Dex: 11    Spells: 3/14 levels left

rFire   . . .        n - +2 dagger (venom)
rCold   . . .        (no shield)
rNeg    . . .        (body armour unavailable)
rPois   .            (helmet restricted)
rElec   .            (no cloak)
rCorr   .            (no gloves)
SInv    .            (no boots)
Will    .....        (no amulet)
Stlth   ++           (no ring)
HPRegen 0.28/turn    (no ring)
MPRegen 0.13/turn

%: no passive effects
@: ice-armoured
A: AC +11, amphibious, unfitting armour, cold-blooded
a: no special abilities


You were on level 5 of the Dungeon.
You visited 1 branch of the dungeon, and saw 5 of its levels.
You also visited: Ossuary.

You collected 244 gold pieces.
You spent 150 gold pieces at shops.

Inventory:

Hand Weapons
 f - a +3 dagger of speed
 m - a +8 heavy hand axe
 n - a +2 dagger of venom (weapon)
Talismans
 r - a serpent talisman
Scrolls
 b - a scroll of teleportation {unknown}
 e - 2 scrolls of blinking
 j - a scroll of torment {unknown}
 p - a scroll of poison {unknown}
 q - a scroll of vulnerability {unknown}
Potions
 a - 2 potions of magic
 c - 3 potions of enlightenment
 d - 3 potions of might
 g - 3 potions of invisibility {unknown}
 h - 2 potions of mutation {unknown}
 i - 2 potions of haste
 k - 2 potions of cancellation {unknown}
 l - 3 potions of heal wounds {unknown}
 o - 3 potions of resistance {unknown}


   Skills:
 - Level 1.7 Dodging
 - Level 1.7 Stealth
 - Level 4.1 Spellcasting
 * Level 4.7 Summonings
 + Level 6.6 Ice Magic


You had 3 spell levels left.
You knew the following spells:

 Your Spells              Type           Power      Damage    Failure   Level
a - Freeze                Ice            100%       1d10      1%          1
b - Frozen Ramparts       Ice            52%        1d8       3%          3
c - Ozocubu's Armour      Ice            26%        N/A       3%          3
t - Summon Ice Beast      Ice/Summ       22%        N/A       16%         4

Your spell library contained the following spells:

 Spells                   Type           Power      Damage    Failure   Level


Dungeon Overview and Level Annotations

Branches:
Dungeon (5/15)            Ossuary (visited)
 Temple: D:4-7

Altars:
Qazlal

Shops:
D:3 [(![

Annotations:
D:3 3 runed translucent doors, spaghetti's ghost, amateur DjSh
D:4 2 transporters, arthad's ghost, novice GnWn


Innate Abilities, Weirdness & Mutations

Your dull iron-grey scales are very hard. (AC +11)
You are amphibious.
You cannot fit into any form of body armour.
You are cold-blooded and may be slowed by cold attacks.


Message History

You hit the adder.
You kill the adder!
The wall freezes the gnoll.
You kill the gnoll!
The white imp completely resists.
The wall freezes the white imp but does no damage.
The white imp barely misses you.
You completely miss the white imp.
The white imp is lightly wounded.
The frozen ramparts melt away.
The white imp spits at you. The white imp barely misses you.
You barely miss the ogre.
The ogre is heavily wounded.
The ogre closely misses you. The white imp barely misses you.
You hit the ogre but do no damage.
The ogre is poisoned.
You tail-slap the ogre, but do no damage.
The ogre is heavily wounded.
The white imp hits you but does no damage.
You hit the ogre.
The ogre looks as sick as possible!
The ogre is heavily wounded.
The ogre completely misses you. The white imp closely misses you.
You hit the ogre.
The ogre looks as sick as possible!
Your tail-slap misses the ogre.
The ogre is heavily wounded.
The ogre hits you with a +0 giant club! The white imp gestures at you.
The puff of frost hits you.
You barely miss the ogre. You tail-slap the ogre.
The ogre is severely wounded.
The white imp closely misses you.
You hit the ogre.
The ogre is almost dead.
The ogre hits you with a +0 giant club!
* * * LOW HITPOINT WARNING * * *
The white imp hits you but does no damage.
You closely miss the ogre.
The ogre is almost dead.
The ogre hits you with a +0 giant club!
You die...

########.....................
#....#####....#'######
#....#...+....#...#
#....'...#....#...#
#....#####....##.##
###....#...##....###
#...........#....
#...####.....#.... ..##
#@5...#....# .# #O#..##
#5....).#..# .........#....
!.......(# .... ####.####.
.#.# #. ## .# . ..


You could see an ogre (extremely poisoned) and a white imp.

Vanquished Creatures
  A black bear (D:5)
  An ogre (D:3)
  A phantom (D:3)
  A scorpion (D:5)
  2 centaur zombies (Ossuary)
  A human zombie (Ossuary)
  A hound (D:5)
  An iguana (D:4)
  Jessica (D:2)
  An orc wizard (D:3)
  5 mummies
  A gnoll (D:5)
  6 adders
  2 ufetubi (D:5)
  2 worms
  2 dart slugs
  7 orcs
  3 endoplasms
  2 giant cockroaches
  A gnoll zombie (Ossuary)
  5 goblins
  3 hobgoblins
  10 ball pythons
  4 bats
  2 frilled lizards (D:1)
  2 goblin zombies
  9 kobolds
  2 kobold zombies
  2 orc zombies (Ossuary)
  6 rats
87 creatures vanquished.

Notes
Turn   | Place    | Note
-------+----------+-------------------------------------------
     0 | D:1      | Shard1697 the Draconian Ice Elementalist began the quest
                  | for the Orb.
     0 | D:1      | Reached XP level 1. HP: 14/14 MP: 3/3
   308 | D:1      | Reached XP level 2. HP: 20/20 MP: 0/5
   766 | D:2      | Found a stormy altar of Qazlal.
   988 | D:2      | Reached XP level 3. HP: 24/26 MP: 5/7
  1025 | D:2      | Noticed Jessica
  1037 | D:2      | Killed Jessica
  1050 | D:2      | Learned a level 3 spell: Frozen Ramparts
  1054 | D:2      | Learned a level 3 spell: Ozocubu's Armour
  1477 | D:3      | Reached XP level 4. HP: 22/33 MP: 4/8
  1590 | D:3      | Found Xysisimu's Antique Armour Boutique.
  1601 | D:3      | Found a runed translucent gate.
  1602 | D:3      | Found a runed translucent gate.
  1602 | D:3      | Identified the +6 spear of Wyrd {heavy, rN+ Int+2}
  1602 | D:3      | Noticed spaghetti's ghost (amateur DjSh)
  1603 | D:3      | Found a runed translucent gate.
  1765 | D:3      | Found Rider's Distillery.
  1795 | D:3      | Reached skill level 5 in Ice Magic
  1817 | D:3      | Bought a potion of degeneration for 10 gold pieces
  1818 | D:3      | Bought a potion of might for 40 gold pieces
  1818 | D:3      | Bought a potion of haste for 100 gold pieces
  1869 | D:3      | Found a faded altar of an unknown god.
  1929 | D:3      | Noticed an ogre
  1992 | D:3      | Killed an ogre
  1993 | D:3      | Reached XP level 5. HP: 33/38 MP: 3/11
  2000 | D:3      | Learned a level 4 spell: Summon Ice Beast
  2123 | D:3      | Noticed a phantom
  2148 | D:3      | Killed a phantom
  2149 | D:3      | Reached skill level 1 in Summonings
  2149 | D:3      | Reached XP level 6. HP: 36/45 MP: 12/12
  2181 | D:3      | Found Ehiusati's Antique Weapon Emporium.
  2205 | D:3      | Noticed an animated gold dragon scales
  2221 | D:3      | Found Naguf's Armour Shop.
  2221 | D:3      | Noticed an animated shadow dragon scales
  2594 | D:4      | Found a sand-covered staircase.
  2611 | Ossuary  | Entered an ossuary
  2678 | Ossuary  | Reached skill level 6 in Ice Magic
  3066 | D:4      | Found a transporter.
  3067 | D:4      | Found a transporter.
  3067 | D:4      | Noticed arthad's ghost (novice GnWn)
  3350 | D:5      | Entered Level 5 of the Dungeon
  3470 | D:5      | Your scales start taking on a dull iron-grey colour.
  3470 | D:5      | Reached XP level 7. HP: 48/50 MP: 13/13
  3552 | D:5      | Slain by an ogre

Illustrated notes

Levels and vault maps discovered:
D:1:      giann_wishing_wells, layout_basic
D:2:      layout_basic, basic_altar, nicolae_titane, uniq_jessica
D:3:      minmay_octagon_keep, layout_rooms, biasface_ghost_orc_armoury,
          shapermc_ecumenical_altar_mp_highgroup, serial_shops,
          nicolae_shop_industrial_runoff, nicolae_shop_mannequins, shop, shop
D:4:      layout_rooms, nicolae_ossuary_entry_giza, gammafunk_ghost_arena
D:5:      layout_gridville, minmay_ruined_shrine

Skill      XL: |  1  2  3  4  5  6  7 |
---------------+----------------------+-----
Spellcasting   | 3 4 |  4.1
Ice Magic      | 5 6 |  6.6
Summonings     | 1 3 4 |  4.7
Dodging        | |  1.7
Stealth        | |  1.7

Action                     |  1- 3 |  4- 6 |  7- 9 || total
---------------------------+-------+-------+-------++-------
  Melee: Short sword       |    42 |       |       ||    42
         Tailslap          |     7 |    26 |     3 ||    36
         Dagger            |     4 |   125 |    17 ||   146
         Punch             |       |     2 |       ||     2
         Hand axe          |       |    36 |       ||    36
   Cast: Freeze            |    22 |    10 |       ||    32
         Frozen Ramparts   |       |     2 |     1 ||     3
         Ozocubu's Armour  |       |     1 |     1 ||     2
    Use: Scroll            |       |     4 |       ||     4
   Stab: Sleeping          |     3 |     3 |       ||     6
         Distracted        |       |     1 |       ||     1
 Armour: Skin              |    17 |    58 |     9 ||    84
  Dodge: Dodged            |    43 |    91 |    13 ||   147

Table legend: (Time is in decaauts)
 A = Elapsed time spent in this place.
 B = Non-inter-level travel time spent in this place.
 C = Inter-level travel time spent in this place.
 D = Time resting spent in this place.
 E = Time spent auto-exploring this place.
 F = Levels seen in this place.
 G = Mean time per level.
                   A        B        C        D        E       F      G
               +--------+--------+--------+--------+--------+-----+--------+
         Total |   3568 |   3504 |     64 |    121 |   2541 |   6 |  594.7 |
       Dungeon |   3307 |   3243 |     64 |    121 |   2426 |   5 |  661.4 |
       Ossuary |    261 |    261 |      0 |      0 |    115 |   1 |  261.0 |
               +--------+--------+--------+--------+--------+-----+--------+

Top non-repeatable levels by time:
     D:3: 1015 daAuts
     D:1: 758 daAuts
     D:2: 723 daAuts
     D:4: 607 daAuts
 Ossuary: 261 daAuts
     D:5: 201 daAuts
